 Dungeon Crawl Stone Soup version 0.30-a0-696-g2367cd04db (webtiles) character file.

Game seed: 18063280789586833975

27 testman the Magician (level 3, -4/28 HPs)
             Began as a Djinni Wanderer on Jan 20, 2023.
             Slain by a hobgoblin (5 damage)
             ... on level 1 of the Dungeon.
             The game lasted 00:01:16 (283 turns).

testman the Magician (Djinni Wanderer)               Turns: 283, Time: 00:01:16

Health: -4/28      AC:  2    Str: 12    XL:     3   Next: 25%
Gold:   20         EV: 11    Int: 14    God:
                   SH:  0    Dex: 12

rFire   + + .      SeeInvis .    a - +2 hand axe
rCold   x . .      Faith    .    (no shield)
rNeg    . . .      Spirit   .    d - +0 robe
rPois   ∞          Reflect  .    (no helmet)
rElec   .          Harm     .    (no cloak)
rCorr   .          Rampage  .    (no gloves)
Will    .....                    (boots unavailable)
Stlth   +                        (no amulet)
HPRegen 0.24/turn                (no ring)
MPRegen 0.00/turn                (no ring)

@: flying
A: sickness immunity, fire resistance 2, cold vulnerability 1, float, innate
caster, HP casting, extra vitality 1
a: no special abilities


You were on level 1 of the Dungeon.
You visited 1 branch of the dungeon, and saw 1 of its levels.

You collected 20 gold pieces.

Inventory:

Hand Weapons
 a - a +2 hand axe (weapon)
Armour
 d - a +0 robe (worn)
Wands
 b - a wand of flame (7)
Scrolls
 c - a scroll of vulnerability
Potions
 e - a potion of degeneration {unknown}


   Skills:
 + Level 1.7 Fighting
 - Level 2.4 Axes
 - Level 2.0 Armour
 + Level 2.9 Spellcasting
 - Level 2.0 Evocations


You had 2 spell levels left.
You knew the following spells:

 Your Spells              Type           Power      Damage    Failure   Level
a - Spider Form           Tmut/Pois      10%        N/A       21%         3
b - Beastly Appendage     Tmut           20%        N/A       7%          1
c - Apportation           Tloc           20%        N/A       7%          1

Your spell library contained the following spells:

 Spells                   Type           Power      Damage    Failure   Level


Dungeon Overview and Level Annotations

Branches:
Dungeon (1/15)

Altars:


Innate Abilities, Weirdness & Mutations

You are immune to sickness and miasma.
You are immune to poison.
Your flesh is very heat resistant. (rF++)
You are vulnerable to cold. (rC-)
You float through the air rather than walking.
You learn spells naturally, not from books.
Your magical power is your life essence.
You have superior vitality. (+4 MHP)


Message History

The jackal bites you but does no damage.
The jackal barely misses you.
You hit the jackal.
You kill the jackal!
You closely miss the goblin. The goblin barely misses you.
The goblin closely misses you.
You hit the goblin.
The goblin is severely wounded.
The goblin closely misses you.
You hit the goblin.
You kill the goblin!
Found 2 boomerangs.
The goblin barely misses you.
Items here: ) †††.
You hit the goblin.
You kill the goblin!
You now have 20 gold pieces (gained 19).
Items here: )) [ ††††.
A hobgoblin comes into view.
You are too injured to fight recklessly!
You are too injured to fight recklessly!
A goblin comes into view. It is wielding a +0 dagger.
Found 3 stones.
You see here a jackal corpse.
The hobgoblin hits you.
* * * LOW HITPOINT WARNING * * *
You closely miss the hobgoblin. The hobgoblin barely misses you.
You barely miss the hobgoblin. You barely miss the goblin.
The goblin misses you. The hobgoblin closely misses you.
The goblin hits you with a +0 dagger.
* * * LOW HITPOINT WARNING * * *
The hobgoblin hits you.
* * * LOW HITPOINT WARNING * * *
You hit the hobgoblin but do no damage. You closely miss the goblin.
The hobgoblin hits you but does no damage.
The goblin hits you with a +0 dagger.
* * * LOW HITPOINT WARNING * * *
You completely miss the hobgoblin. You hit the goblin.
You kill the goblin!
The hobgoblin hits you.
You die...

........##............
....#'####............
....#.####...........(
....#.......(.!......
....#########.....####.
....# #.†........ ....#
#)†....### ....+
###........# ....#
#.....@..#.# #.#..g)..#
#.#..[...# # #.......#
#......## #..(...#
#......# #.......


You could see a hobgoblin.

Vanquished Creatures
  4 endoplasms (D:1)
  4 goblins (D:1)
  A hobgoblin (D:1)
  8 jackals (D:1)
  A kobold (D:1)
  2 bats (D:1)
  A frilled lizard (D:1)
  A rat (D:1)
22 creatures vanquished.

Notes
Turn   | Place    | Note
-------+----------+-------------------------------------------
     0 | D:1      | testman the Djinni Wanderer began the quest for the Orb.
     0 | D:1      | testman set off with the following items: a +2 hand axe, a
                  | wand of flame (7), a scroll of vulnerability, a +0 robethe
                  | following spells memorised: Spider Form, Beastly Appendage.
     0 | D:1      | Reached XP level 1. HP: 15/15 MP: 0/0
    47 | D:1      | Reached skill level 1 in Fighting
    47 | D:1      | Reached XP level 2. HP: 22/22 MP: 0/0
   255 | D:1      | Reached XP level 3. HP: 17/27 MP: 0/0
   255 | D:1      | Learned a level 1 spell: Apportation
   282 | D:1      | HP: 1/28 [goblin/+0 dagger (3)]
   283 | D:1      | Slain by a hobgoblin

Illustrated notes

Levels and vault maps discovered:
D:1:      wander_arrival_desolate, layout_basic, minmay_indecisive_spiral

Skill      XL: |  1 |
---------------+----+-----
Fighting       | 1 |  1.7
Axes           | |  2.4
Armour         | |  2.0
Spellcasting   | |  2.9
Evocations     | |  2.0

Action                   || total
-------------------------++-------
Melee: Hand axe          ||    59
       Punch             ||     1
Armor: Robe              ||     8
Dodge: Dodged            ||    47

Table legend: (Time is in decaauts)
 A = Elapsed time spent in this place.
 B = Non-inter-level travel time spent in this place.
 C = Inter-level travel time spent in this place.
 D = Time resting spent in this place.
 E = Time spent auto-exploring this place.
 F = Levels seen in this place.
 G = Mean time per level.
                   A        B        C        D        E       F      G
               +--------+--------+--------+--------+--------+-----+--------+
         Total |    293 |    293 |      0 |      0 |    174 |   1 |  293.0 |
       Dungeon |    293 |    293 |      0 |      0 |    174 |   1 |  293.0 |
               +--------+--------+--------+--------+--------+-----+--------+

Top non-repeatable levels by time:
     D:1: 293 daAuts
